 Dungeon Crawl Stone Soup version 0.21-a0-578-gc6e9d75 (webtiles) character file.

43 M4edhros the Grave Robber (level 3, -1/21 HPs)
             Began as an Octopode Necromancer on Dec 18, 2017.
             Slain by a worker ant (7 damage)
             ... on level 4 of the Dungeon.
             The game lasted 00:05:07 (795 turns).

M4edhros the Grave Robber (Octopode Necromancer)     Turns: 795, Time: 00:05:08

Health: -1/21      AC:  1    Str:  7    XL:     3   Next: 58%
Magic:  1/6        EV: 13    Int: 17    God:
Gold:   96         SH:  0    Dex: 13    Spells: 1/6 levels left

rFire    . . .     SeeInvis .     - Unarmed
rCold    . . .     Gourm    .   (no shield)
rNeg     . . .     Faith    .   (helmet restricted)
rPois    .         Spirit   .   (no amulet)
rElec    .         Reflect  .   m - ring of wizardry
rCorr    .         Harm     .   (no ring)
MR       .....                  (no ring)
Stlth    +++.......             (no ring)
HPRegen  1.07/turn              (no ring)
MPRegen  0.10/turn              (no ring)
                                (no ring)
                                (no ring)

@: lethally poisoned (-1 -> -4), regenerating (expiring)
A: almost no armour, stealthy swim, amphibious, 8 rings, constrict 8, camouflage
1, gelatinous body 1
a: no special abilities


You were on level 4 of the Dungeon.
You were hungry.

You visited 1 branch of the dungeon, and saw 4 of its levels.

You collected 96 gold pieces.

Inventory:

Hand Weapons
 f - a +2 short sword of flaming
Jewellery
 m - a ring of wizardry (left tentacle)
Scrolls
 d - 4 scrolls of identify {unknown}
 e - 2 scrolls of amnesia {unknown}
 g - a scroll of teleportation {unknown}
 i - 2 scrolls of noise {unknown}
Potions
 c - a potion of flight {unknown}
 j - a potion of brilliance {unknown}
 k - 2 potions of agility {unknown}
 l - a potion of degeneration {unknown}
 n - a potion of curing {unknown}
Books
 a - a book of Necromancy

   Spells                             Type                      Level
   a - Pain                           Necromancy                   1
   b - Animate Skeleton               Necromancy                   1
   c - Vampiric Draining              Necromancy                   3
   d - Regeneration                   Charms/Necromancy            3
   e - Animate Dead                   Necromancy                   4
   f - Control Undead                 Necromancy                   4
Comestibles
 b - 6 rations


   Skills:
 - Level 2.0 Dodging
 - Level 2.7 Stealth
 + Level 2.3 Unarmed Combat
 - Level 2.0 Spellcasting
 - Level 4.4 Necromancy


You had one spell level left.
You knew the following spells:

 Your Spells              Type           Power        Failure   Level  Hunger
a - Pain                  Necr           ###.         1%          1    #......
b - Animate Skeleton      Necr           N/A          1%          1    #......
c - Regeneration          Chrm/Necr      #.........   10%         3    ###....


Dungeon Overview and Level Annotations

Branches:
Dungeon (4/15)
 Temple: D:4-7

Altars:
Fedhas

Annotations:
D:3 KristoblXynda's ghost, novice DrGl


Innate Abilities, Weirdness & Mutations

You cannot wear most types of armour.
You are very stealthy in the water. (Stealth+)
You are amphibious.
You can wear up to eight rings at the same time.
You can use your tentacles to constrict eight enemies at once.
Your skin changes colour to match your surroundings (Stealth+).
Your rubbery body absorbs attacks. (AC +1, EV +1)


Message History

You feel sick. The worker ant barely misses you.
You tentacle-slap the worker ant.
The worker ant is moderately wounded.
You constrict the worker ant, but do no damage.
You feel sick. The worker ant bites you!
You are more poisoned.
The worker ant poisons you! The worker ant bites you.
You are more poisoned.
The worker ant poisons you!
You tentacle-slap the worker ant.
The worker ant is moderately wounded.
Your skin is crawling a little less now.
You constrict the worker ant, but do no damage.
You feel sick. The worker ant barely misses you.
Unknown command.
You tentacle-slap the worker ant but do no damage.
The worker ant is moderately wounded.
You constrict the worker ant, but do no damage.
You feel sick. The worker ant bites you!
You die...

############### ...
#...[.........# ...
+............. ...(
#............. .....
..##+###...######.....
######
#......#...#.........
.....#
#......@a..'.....#
.....#
#......#...#.....#
.....#
#......#...#.....#
.....#
###.##.#...#.....#
.....# # ###...#.....#
.....#### #####.....#
#'####..# #.........#
........# #.........#
........# #.........#


You could see a worker ant.

Vanquished Creatures
  2 adders (D:4)
  A dart slug (D:1)
  A leopard gecko (D:3)
  An orc (D:3)
  3 goblins (D:2)
  3 hobgoblins (D:1)
  A quokka (D:2)
  A frilled lizard (D:1)
  A kobold (D:1)
  3 rats
  A fungus (D:2)
18 creatures vanquished.

Vanquished Creatures (collateral kills)
  A hobgoblin (D:2)
  A bat (D:2)
  2 frilled lizards
  A kobold (D:1)
  A rat (D:1)
6 creatures vanquished.

Grand Total: 24 creatures vanquished

Notes
Turn   | Place    | Note
-------+----------+-------------------------------------------
     0 | D:1      | M4edhros the Octopode Necromancer began the quest for the Orb.
     0 | D:1      | Reached XP level 1. HP: 11/11 MP: 3/3
    19 | D:1      | Learned a level 1 spell: Animate Skeleton
   118 | D:1      | Reached XP level 2. HP: 14/17 MP: 5/5
   287 | D:2      | Found a blossoming altar of Fedhas.
   385 | D:2      | Reached skill level 1 in Unarmed Combat
   543 | D:3      | Reached XP level 3. HP: 9/21 MP: 6/6
   545 | D:3      | Noticed KristoblXynda's ghost (novice DrGl)
   548 | D:3      | Learned a level 3 spell: Regeneration
   795 | D:4      | Slain by a worker ant

Vault maps used:
D:1:      erik_arrival_cave_to_civilisation
D:2:      fedhas_altar_3, uniq_jessica
D:3:      minmay_diamond_boxcup, chequers_ecumenical_altar_simple_redux,
          first_ration, serial_bayou_pond_c, minmay_misc_feat_secret_circle
D:4:      trog_hazing_becter, uniq_pikel, uniq_sigmund

Skill      XL: |  1  2  3 |
---------------+----------+-----
Unarmed Combat | 1 2 |  2.3
Dodging        | |  2.0
Stealth        | |  2.7
Spellcasting   | |  2.0
Necromancy     | |  4.4

Action                   || total
-------------------------++-------
Melee: Unarmed           ||    80
       Constrict         ||    20
       Tentacles         ||    15
 Cast: Pain              ||     3
       Animate Skeleton  ||     8
       Regeneration      ||     4
 Stab: Sleeping          ||     7
Armor: Skin              ||     6
Dodge: Dodged            ||    34

Table legend:
 A = Spawn XP
 B = Non-spawn XP
 C = Spawn XP percentage of total XP
 D = Spawn monster count
 E = Non-spawn monster count
 F = Spawn count percentage of total count
 G = Total turns spent on level
                    A         B        C        D         E        F      G
               +---------+---------+-------+---------+---------+-------+---------
         Total |       0 |      62 |   0.0 |       0 |      23 |   0.0 |   795
               +---------+---------+-------+---------+---------+-------+---------
           D:1 |       0 |      17 |   0.0 |       0 |      11 |   0.0 |   286
           D:2 |       0 |      12 |   0.0 |       0 |       8 |   0.0 |   216
           D:3 |       0 |       6 |   0.0 |       0 |       2 |   0.0 |    52
           D:4 |       0 |      27 |   0.0 |       0 |       2 |   0.0 |   241
               +---------+---------+-------+---------+---------+-------+---------
